 Dungeon Crawl Stone Soup version 0.30-a0-142-g7370640ec8 (webtiles) character file.

Game seed: 12530961236712718951

58 qw the Chopper (level 4, -1/28 HPs)
             Began as a Gargoyle Fighter on Sept 25, 2022.
             Slain by a gnoll
             ... wielding a +0 halberd
              (7 damage)
             ... on level 2 of the Dungeon.
             The game lasted 00:00:31 (1665 turns).

qw the Chopper (Gargoyle Fighter)                   Turns: 1665, Time: 00:00:31

Health: -1/28      AC: 15    Str: 21    XL:     4   Next: 2%
Magic:  4/4        EV:  5    Int:  9    God:
Gold:   51         SH:  4    Dex:  9    Spells: 3/3 levels left

rFire   . . .      SeeInvis .    Y - +0 war axe
rCold   . . .      Faith    .    c - +0 buckler
rNeg    + . .      Spirit   .    g - +0 plate armour
rPois   inf        Reflect  .    (no helmet)
rElec   +          Harm     .    (no cloak)
rCorr   .          Rampage  .    (no gloves)
Will    .....                    (no boots)
Stlth   ..........               (no amulet)
HPRegen 0.09/turn                (no ring)
MPRegen 0.09/turn                (no ring)

@: no status effects
A: sickness immunity, AC +3, negative energy resistance 1, electricity
resistance, torment resistance 1, petrification resistance
a: no special abilities


You were on level 2 of the Dungeon.
You visited 1 branch of the dungeon, and saw 2 of its levels.

You collected 51 gold pieces.


Innate Abilities, Weirdness & Mutations

You are immune to sickness and miasma.
Your stone body is resilient. (AC +3)
You are immune to poison.
You resist negative energy. (rN+)
You are resistant to electric shocks. (rElec)
You are resistant to unholy torment.
You are immune to petrification.


   Skills:
 - Level 3.2 Fighting
 + Level 3.4 Axes
 - Level 1.1 Throwing
 - Level 3.2 Armour
 - Level 3.2 Shields


You had 3 spell levels left.
You didn't know any spells.
Your spell library was empty.

Inventory:

Hand Weapons
 f - a +0 mace
 Y - a +0 war axe (weapon)
Missiles
 l - a javelin (quivered)
Armour
 c - a +0 buckler (worn)
 g - a +0 plate armour (worn)
Jewellery
 i - a +6 ring of strength
 k - a ring of fire
Scrolls
 m - a scroll of identify
Potions
 a - a potion of lignification {unknown}
 b - a potion of flight {unknown}
 d - 2 potions of might
 e - a potion of cancellation
 h - a potion of heal wounds {unknown}
 j - a potion of brilliance {unknown}

Dungeon Overview and Level Annotations

Branches:
Dungeon (2/15)

Altars:


Message History

i - a +6 ring of strength
m - a scroll of identify 2 gnolls come into view.
Found a stone staircase leading up.
The gnoll shouts!
Enter note: The gnoll hits you but does no damage.
A gnoll comes into view. It is wielding a +0 whip.
The gnoll barely misses you.
You barely miss the gnoll.
The gnoll shouts!
The gnoll hits you with a +0 flail.
You closely miss the gnoll. The gnoll barely misses you.
You block the gnoll's attack. The gnoll hits you but does no damage.
You slash the gnoll!
The gnoll is severely wounded.
You block the gnoll's attack.
You barely miss the gnoll.
The gnoll is severely wounded.
The gnoll hits you but does no damage.
The gnoll hits you from afar with a +0 halberd.
You slash the gnoll!
You kill the gnoll!
The gnoll hits you from afar with a +0 halberd!
The gnoll barely misses you. The gnoll hits you with a +0 flail.
Your Throwing skill increases to level 1!
You have reached level 4!
You feel clever.
You barely miss the gnoll.
The gnoll hits you but does no damage. x2
You closely miss the gnoll. The gnoll hits you but does no damage.
The gnoll hits you from afar with a +0 halberd.
The gnoll barely misses you. The gnoll hits you but does no damage.
You barely miss the gnoll.
The gnoll hits you but does no damage. x2
You barely miss the gnoll. The gnoll barely misses you.
The gnoll hits you from afar with a +0 halberd!
You die...

#.# #.# #.#
#.#
###.####.#
#........#
#.#.######
##.#.#
g<#.# #g#.#
#@#.#
.......#..#
#.###.###.#
..# ##.#
### ##


You could see 2 gnolls.

Vanquished Creatures
  A gnoll (D:2)
  An adder (D:2)
  A worm (D:2)
  5 ball pythons (D:1)
  3 endoplasms (D:1)
  2 giant cockroaches (D:1)
  3 goblins (D:1)
  3 hobgoblins
  3 jackals (D:1)
  A quokka (D:1)
  A bat (D:1)
  A frilled lizard (D:1)
  7 kobolds
  4 rats
36 creatures vanquished.

Notes
Turn   | Place    | Note
-------+----------+-------------------------------------------
     0 | D:1      | qw the Gargoyle Fighter began the quest for the Orb.
     0 | D:1      | Reached XP level 1. HP: 14/14 MP: 1/1
     0 | D:1      | 0 ||| qw: Version: 0.2-a-10-g399e6c4
     0 | D:1      | 0 ||| qw: Game counter: 415
     0 | D:1      | 0 ||| qw: Always use a shield: true
     0 | D:1      | 0 ||| qw: God list: Okawaru
     0 | D:1      | 0 ||| qw: Allow faded altars: false
     0 | D:1      | 0 ||| qw: Do Orc after D:15 true
     0 | D:1      | 0 ||| qw: Do second Lair branch before Depths: true
     0 | D:1      | 0 ||| qw: Lair rune preference: random
     0 | D:1      | 0 ||| qw: Plans: Normal, Zot:1-4, God:TSO, Crypt, Tomb,
                  | Pan, Slime:5, Hells, Abyss, Orb
     0 | D:1      | 0 ||| PLANNING D:1-11
   229 | D:1      | Reached XP level 2. HP: 19/19 MP: 2/2
   255 | D:1      | Found a faded altar of an unknown god.
   445 | D:1      | HP: 4/19 [goblin/+0 club (2)]
   901 | D:1      | Reached skill level 3 in Axes
   976 | D:1      | Reached XP level 3. HP: 23/23 MP: 3/3
  1274 | D:1      | 1274 ||| UPGRADING to +0 plate armour.
  1284 | D:1      | 1284 ||| DROPPING +0 scale mail.
  1285 | D:1      | 1285 ||| READING scroll labelled ZORPHE DALEPP.
  1286 | D:1      | 1286 ||| READING scroll labelled EHAGUPR NUNAOPP.
  1287 | D:1      | 1287 ||| READING scroll labelled ZIAGGU BANEMAPH.
  1288 | D:1      | 1288 ||| DRINKING 2 green potions.
  1534 | D:2      | 1534 ||| Stepping ~*~*~tactically~*~*~ (stealth).
  1662 | D:2      | Reached skill level 1 in Throwing
  1662 | D:2      | Reached XP level 4. HP: 10/28 MP: 4/4
  1663 | D:2      | HP: 6/28 [gnoll/+0 halberd (4)]
  1665 | D:2      | Slain by a gnoll

Levels and vault maps discovered:
D:1:      shiori_arrival_oz, layout_basic, shapermc_ecumenical_altar_venn,
          minmay_pentomino_v2
D:2:      layout_loops_ring, uniq_crazy_yiuf_cottage

Skill      XL: |  1  2  3 |
---------------+----------+-----
Axes           | 2 3 |  3.4
Throwing       | 1 |  1.1
Fighting       | |  3.2
Armour         | |  3.2
Shields        | |  3.2

Action                   |  1- 3 |  4- 6 || total
-------------------------+-------+-------++-------
Melee: War axe           |   100 |     4 ||   104
Throw: Javelin           |    19 |       ||    19
  Use: Scroll            |     3 |       ||     3
       Potion            |     1 |       ||     1
Armor: Scale mail        |    27 |       ||    27
       Plate armour      |    32 |     6 ||    38
Dodge: Dodged            |    32 |     2 ||    34
Block: Buckler           |    28 |       ||    28

Table legend:
 A = Non-vault XP
 B = Vault XP
 C = Vault XP percentage of total XP
 D = Non-vault monster count
 E = Vault monster count
 F = Vault count percentage of total count
                 A         B        C        D         E       F
            +---------+---------+-------+---------+---------+-------
      Total |      82 |       2 |   2.4 |      35 |       1 |   2.8
            +---------+---------+-------+---------+---------+-------
        D:1 |      41 |       2 |   4.7 |      26 |       1 |   3.7
        D:2 |      41 |       0 |   0.0 |       9 |       0 |   0.0
            +---------+---------+-------+---------+---------+-------
